 Dungeon Crawl Stone Soup version 0.28.0 (webtiles) character file.

Game seed: 11118680820403058702

698 issech the Cudgeller (level 7, 0/63 HPs)
             Began as a Troll Monk on Feb 19, 2022.
             Was a Believer of Hepliaklqana.
             Killed by divine providence
             ... invoked by an orc priest
              (12 damage)
             ... on level 5 of the Dungeon.
             The game lasted 00:12:32 (3507 turns).

issech the Cudgeller (Troll Monk)                   Turns: 3507, Time: 00:12:33

Health: 0/63       AC:  7    Str: 20    XL:     7   Next: 38%
Magic:  6/6        EV: 11    Int:  6    God:    Hepliaklqana [**....]
Gold:   143        SH:  0    Dex: 14    Spells: 6/6 levels left

rFire   . . .      SeeInvis .   a - +0 mace
rCold   . . .      Faith    .   (no shield)
rNeg    . . .      Spirit   .   b - +0 robe
rPois   .          Reflect  .   (helmet restricted)
rElec   .          Harm     .   A - +2 cloak
rCorr   .          Rampage  .   (gloves unavailable)
Will    .....                   (boots unavailable)
Stlth   ++........              (no amulet)
HPRegen 1.00/turn               (no ring)
MPRegen 0.10/turn               (no ring)

@: no status effects
A: reduced essence, large, unfitting armour, claws 3, regeneration 1, shaggy fur
1, tough skin 1
a: Renounce Religion, Recall Ancestor, Ancestor Identity


You were on level 5 of the Dungeon.
You worshipped Hepliaklqana.
Hepliaklqana was pleased with you.
You visited 2 branches of the dungeon, and saw 7 of its levels.

You collected 143 gold pieces.

Inventory:

Hand Weapons
 a - a +0 mace (weapon)
 j - a +1 hand axe of venom
 z - a +3 quarterstaff of chaos
Missiles
 d - 2 boomerangs (quivered)
 e - 17 sling bullets
 h - 113 stones
 q - 19 arrows
 r - 41 bolts
 w - a throwing net
Armour
 b - a +0 robe (worn)
 y - a +0 cloak
 A - a +2 cloak (worn)
Jewellery
 f - an amulet of faith
Scrolls
 g - a scroll of holy word
 l - a scroll of brand weapon
 o - a scroll of immolation
 p - a scroll of identify
 s - a scroll of enchant armour {unknown}
 x - a scroll of summoning {unknown}
Potions
 c - 2 potions of brilliance {unknown}
 i - a potion of berserk rage {unknown}
 k - 2 potions of heal wounds {unknown}
 m - 2 potions of curing {unknown}
 n - a potion of lignification {unknown}
 t - a potion of attraction {unknown}
 u - a potion of flight {unknown}
 v - a potion of magic {unknown}


   Skills:
 + Level 4.0 Fighting
 + Level 5.7 Maces & Flails
 + Level 4.2 Dodging
 + Level 1.4 Stealth


You had 6 spell levels left.
You didn't know any spells.
Your spell library contained the following spells:

 Spells                   Type           Power      Damage    Failure   Level
 Pain                     Necr           0%         1d4       45%         1
 Sandblast                Erth           0%         2d4       45%         1
 Passwall                 Tmut/Erth      0%         N/A       58%         2
 Sublimation of Blood     Necr           0%         N/A       58%         2
 Wereblood                Tmut           0%         N/A       58%         2
 Stone Arrow              Conj/Erth      0%         3d7       83%         3
 Agony                    Necr           0%         N/A       100%        5
 Excruciating Wounds      Necr           0%         N/A       100%        5
 Summon Hydra             Summ           0%         N/A       100%        7


Dungeon Overview and Level Annotations

Branches:
Dungeon (6/15)             Temple (1/1) D:4

Altars:
Cheibriados
Dithmenos
Elyvilon
Fedhas
Gozag
Hepliaklqana
Kikubaaqudgha
Makhleb
Nemelex Xobeh
Qazlal
Ru
Sif Muna
Uskayaw
Vehumet
Wu Jian
Xom
Yredelemnul
Zin
The Shining One


Innate Abilities, Weirdness & Mutations

Your life essence is reduced to manifest your ancestor. (-10% HP)
You are too large for most types of armour.
You have claws for hands.
Your natural rate of healing is unusually fast.
You are covered in fur. (AC +1)
You have tough skin. (AC +1)


Message History

Chakide misses the orc wizard.
You closely miss the orc wizard.
The orc wizard is heavily wounded.
The orc wizard hits you with a +0 dagger.
Chakide points at the orc wizard and mumbles some strange words.
The puff of frost hits the orc wizard.
You sock the orc wizard!
You kill the orc wizard!
Your life force feels restored.
The ufetubus hits Chakide.
The ufetubus closely misses Chakide.
The ogre hits you with a +0 giant club!!
The orc priest hits you with a +0 mace.
Chakide hits the ufetubus with a +0 quarterstaff!
The ufetubus dies!
The orc barely misses Chakide.
There is a stone staircase leading up, spattered with blood here.
The orc priest barely misses you. The ogre closely misses you.
Chakide casts a spell at the orc.
The stone arrow hits the orc!
The orc dies!
You climb upwards.
There is a stone staircase leading down here.
The orc priest misses you.
Chakide hits the ogre with a +0 quarterstaff!
Chakide hits the ogre with a +0 quarterstaff!
The ogre dies!
Your Fighting skill increases to level 4!
You hit the orc priest but do no damage.
The orc priest mumbles some strange prayers to Beogh against you.
Pain shoots through your body!
* * * LOW HITPOINT WARNING * * *
You barely miss the orc priest. The orc priest hits you with a +0 mace.
* * * LOW HITPOINT WARNING * * *
Chakide casts a spell at the orc priest.
The puff of frost hits the orc priest!
You hit the orc priest but do no damage.
The orc priest is heavily wounded.
The orc priest mumbles some strange prayers to Beogh against you.
Beogh smites you!
You die...

#...#####..............#
#...[......###.........#
#..)†#####)# #.........#
#####..# #.###.........#
...##.## #...#.........#
...##.# ###...........#
.>.#..# #...........#
####.## #...........#
##...##### ##..@o.......#
...#.....####...#.......##
.##.......##...###R..>.##
.#...........#.# ##.####
...........###.# #.#
##.........# #.# #.#
##.........# #.####.#
...........# #...#..#
##.........# ###.#.##


You could see the friendly Chakide the battlemage and an orc priest (ally
target).

Vanquished Creatures
  Blork the orc (D:4)
  2 hounds
  A jelly (D:5)
  A bullfrog skeleton (D:4)
  An orc wizard (D:6)
  2 dart slugs
  2 orcs
  6 ball pythons
  3 giant cockroaches
  4 hobgoblins
  6 jackals
  A quokka (D:2)
  6 bats
  3 frilled lizards
  A goblin (D:2)
  8 kobolds
  A rat (D:3)
49 creatures vanquished.

Vanquished Creatures (collateral kills)
  An ogre (D:5)
  A necrophage (D:5)
  A scorpion (D:4)
  2 howler monkeys
  A hound (D:5)
  Crazy Yiuf (D:5)
  A hound skeleton (D:4)
  4 gnolls (D:5)
  An adder (D:5)
  A shadow imp (D:5)
  An ufetubus (D:6)
  5 orcs
  A hobgoblin (D:4)
  A quokka (D:5)
22 creatures vanquished.

Vanquished Creatures (others)
  A battlemage (D:5)
1 creature vanquished.

Grand Total: 72 creatures vanquished

Notes
Turn   | Place    | Note
-------+----------+-------------------------------------------
     0 | D:1      | issech the Troll Monk began the quest for the Orb.
     0 | D:1      | Reached XP level 1. HP: 22/22 MP: 0/0
   187 | D:1      | Found a faded altar of an unknown god.
   208 | D:1      | Reached XP level 2. HP: 29/29 MP: 1/1
   390 | D:1      | Reached skill level 3 in Maces & Flails
  1257 | D:3      | Found a snail-covered altar of Cheibriados.
  1263 | D:3      | Reached XP level 3. HP: 36/36 MP: 2/2
  1499 | D:3      | Found a radiant altar of Vehumet.
  1500 | D:3      | Found a shimmering altar of Xom.
  1525 | D:3      | Found a basalt altar of Yredelemnul.
  1526 | D:3      | Found a white marble altar of Elyvilon.
  1527 | D:3      | Found an opulent altar of Gozag.
  1799 | D:4      | Reached XP level 4. HP: 31/44 MP: 3/3
  1820 | D:4      | Found an ancient bone altar of Kikubaaqudgha.
  1838 | D:4      | Found a staircase to the Ecumenical Temple.
  1855 | Temple   | Entered the Ecumenical Temple
  1906 | Temple   | Became a worshipper of Hepliaklqana the Forgotten
  1906 | Temple   | Reached * piety under Hepliaklqana
  1906 | Temple   | Reached ** piety under Hepliaklqana
  1907 | Temple   | Remembered your ancestor Chakide as a battlemage
  2303 | D:4      | Reached skill level 4 in Maces & Flails
  2303 | D:4      | Reached XP level 5. HP: 43/47 MP: 4/4
  2549 | D:5      | Entered Level 5 of the Dungeon
  2613 | D:5      | Noticed a necrophage
  2619 | D:5      | Reached XP level 6. HP: 27/54 MP: 5/5
  2624 | D:5      | Noticed Blork the orc
  2664 | D:4      | Killed Blork the orc
  2665 | D:4      | Reached skill level 5 in Maces & Flails
  2872 | D:5      | Reached XP level 7. HP: 29/61 MP: 6/6
  3337 | D:5      | Found a runed translucent door.
  3338 | D:5      | Noticed Crazy Yiuf
  3348 | D:5      | Killed Crazy Yiuf
  3507 | D:5      | Killed from afar by an orc priest

Illustrated notes

Levels and vault maps discovered:
D:1:      wander_arrival_desolate, layout_loops_ring,
          dreamdust_ecumenical_altar_statues, minmay_bisected
D:2:      layout_rooms
D:3:      layout_loops_ring, minitemple, mainiacjoe_overflow_catwalk
D:4:      layout_rooms, mainiacjoe_overflow_alcove_1,
          minmay_temple_entry_glassed_door
D:5:      layout_rooms, minmay_misc_feat_tower, uniq_blork_the_orc,
          uniq_crazy_yiuf_cottage
D:6:      layout_cave_pools, lemuel_tele_altar, uniq_prince_ribbit1
Temple:   minmay_temple_bridge_abc

Skill      XL: |  1  2  3  4  5  6  7 |
---------------+----------------------+-----
Maces & Flails | 3 4 5 |  5.7
Dodging        | 3 4 |  4.2
Fighting       | 3 4 |  4.0
Stealth        | |  1.4

Action                   |  1- 3 |  4- 6 |  7- 9 || total
-------------------------+-------+-------+-------++-------
Melee: Mace              |    97 |    47 |    26 ||   170
       Punch             |     1 |     2 |       ||     3
Invok: Ancestor Life: Ba |       |     1 |       ||     1
  Use: Scroll            |       |     3 |       ||     3
 Stab: Sleeping          |     2 |       |       ||     2
Armor: Robe              |    34 |     8 |       ||    42
Dodge: Dodged            |    74 |    32 |     7 ||   113
